 Dungeon Crawl Stone Soup version 0.30-b1-2-g02819fbbbe (webtiles) character file.

Game seed: 4974411213728265232

89 Flugkiller the Magician (level 4, 0/32 HPs)
             Began as a Vampire Hedge Wizard on May 16, 2023.
             Slain by a kobold
             ... wielding a +0 club
              (4 damage)
             ... in a sewer.
             The game lasted 00:05:47 (1412 turns).

Flugkiller the Magician (Vampire Hedge Wizard)      Turns: 1412, Time: 00:05:48

Health: 0/32       AC:  5    Str:  9    XL:     4   Next: 31%
Magic:  7/8        EV: 12    Int: 18    God:
Gold:   70         SH:  0    Dex: 13    Spells: 6/9 levels left

rFire   . . .        a - +1 dagger
rCold   . . .        (no shield)
rNeg    . . .        b - +0 robe
rPois   .            l - +2 hat
rElec   .            (no cloak)
rCorr   +            p - +0 pair of gloves
SInv    +            (no boots)
Will    +....        (no amulet)
Stlth   ++           m - ring of willpower
HPRegen 0.45/turn    s - ring of resist corrosion
MPRegen 0.11/turn

%: no passive effects
@: brilliant, lethally poisoned (0 -> -3), flying, very slightly contaminated,
healing quickly
A: alive, fangs 3, see invisible, vampiric 2
a: Exsanguinate


You were in a sewer.
You visited 1 branch of the dungeon, and saw 3 of its levels.
You also visited: Sewer.

You collected 70 gold pieces.

Inventory:

Hand Weapons
 a - a +1 dagger (weapon)
 i - a +0 trident
   (You found it on level 3 of the Dungeon)
Missiles
 q - 6 poisoned darts (quivered)
Armour
 b - a +0 robe (worn)
 c - a +0 hat
 l - a +2 hat (worn)
   (You found it on level 1 of the Dungeon)
 n - an orb of wrath
   (You found it on level 1 of the Dungeon)
 o - a +0 kite shield
   (You found it on level 1 of the Dungeon)
 p - a +0 pair of gloves (worn)
   (You found it on level 2 of the Dungeon)
Jewellery
 k - an amulet of faith
   (You found it on level 1 of the Dungeon)
 m - a ring of willpower (left hand)
   (You found it on level 1 of the Dungeon)
 s - a ring of resist corrosion (right hand)
   (You found it on level 2 of the Dungeon)
Scrolls
 h - 2 scrolls of enchant weapon
 t - a scroll of teleportation
Potions
 f - 2 potions of attraction


   Skills:
 - Level 1.0 Fighting
 - Level 2.1 Dodging
 - Level 3.0 Stealth
 + Level 3.3 Spellcasting
 + Level 2.3 Conjurations
 - Level 2.0 Summonings
 - Level 0.7 Translocations


You had 6 spell levels left.
You knew the following spells:

 Your Spells              Type           Power      Damage    Failure   Level
a - Magic Dart            Conj           64%        1d6       6%          1
b - Call Imp              Summ           30%        N/A       11%         2

Your spell library contained the following spells:

 Spells                   Type           Power      Damage    Failure   Level
 Momentum Strike          Conj/Tloc      24%        3d8       13%         2
 Slow                     Hex            16%        N/A       16%         1
 Blink                    Tloc           16%        N/A       19%         2
 Lesser Beckoning         Tloc           16%        N/A       19%         2
 Cigotuvi's Dreadful Rot  Necr/Pois/Air  8%         N/A       24%         2
 Dazzling Flash           Conj/Hex       20%        N/A       30%         3
 Mephitic Cloud           Conj/Pois/Air  8%         N/A       34%         3
 Volatile Blastmotes      Fire/Tloc      12%        2d11      38%         3
 Iskenderun's Mystic Bla  Conj/Tloc      12%        2d5       63%         4
 Leda's Liquefaction      Hex/Erth       2%         N/A       85%         4
 Lee's Rapid Deconstruct  Erth           2%         3d4*      99%         5
 Starburst                Conj/Fire      5%         6d4       100%        6
 Statue Form              Tmut/Erth      2%         N/A       100%        6


Dungeon Overview and Level Annotations

Branches:
Dungeon (3/15) Zot: 16654   Sewer (1/1) Zot: 5932

Altars:


Innate Abilities, Weirdness & Mutations

Your natural rate of healing is accelerated.
You have razor-sharp teeth.
You have supernaturally acute eyesight. (SInv)
You are afflicted with vampirism and can become a bat while bloodless.


Message History

Confirm with . or Enter, or press ? or * to list all spells.
Aiming: Magic Dart (safe; 6% risk of failure)
Press: ? - help, Shift-Dir - straight line, f - kobold brigand
Aim: a kobold brigand, wielding a +0 short sword and quivering poisoned darts (ally target, 100% to hit)
The magic dart hits the kobold brigand but does no damage.
You feel sick.
Your cerulean imp hits the kobold brigand but does no damage.
The kobold brigand closely misses you.
Casting: Magic Dart (safe; 6% risk of failure)
Confirm with . or Enter, or press ? or * to list all spells.
Aiming: Magic Dart (safe; 6% risk of failure)
Press: ? - help, Shift-Dir - straight line, f/p - kobold brigand
Aim: a kobold brigand, wielding a +0 short sword and quivering poisoned darts (ally target, 100% to hit)
The magic dart hits the kobold brigand but does no damage.
You feel sick.
Your cerulean imp hits the kobold brigand with a -3 spear.
The kobold brigand hits your cerulean imp with a +0 short sword.
Casting: Magic Dart (safe; 6% risk of failure)
Confirm with . or Enter, or press ? or * to list all spells.
Aiming: Magic Dart (safe; 6% risk of failure)
Press: ? - help, Shift-Dir - straight line, f/p - kobold brigand
Aim: a kobold brigand, wielding a +0 short sword and quivering poisoned darts (lightly wounded, not watching you, ally target, 100% to hit)
The magic dart hits the kobold brigand.
The kobold brigand is lightly wounded.
You feel sick.
Your cerulean imp completely misses the kobold brigand.
The kobold brigand hits your cerulean imp with a +0 short sword.
Casting: Magic Dart (safe; 6% risk of failure)
Confirm with . or Enter, or press ? or * to list all spells.
Aiming: Magic Dart (safe; 6% risk of failure)
Press: ? - help, Shift-Dir - straight line, f/p - kobold brigand
Aim: a kobold brigand, wielding a +0 short sword and quivering poisoned darts (lightly wounded, ally target, 100% to hit)
The magic dart hits the kobold brigand but does no damage.
The kobold brigand is lightly wounded.
You feel sick.
Your cerulean imp hits the kobold brigand with a -3 spear.
The kobold hits your cerulean imp with a +0 club.
The kobold brigand barely misses you.
You swap places.
You feel sick.
You are no longer poisoned.
Your cerulean imp closely misses the kobold brigand.
The kobold hits you but does no damage. The kobold brigand barely misses you.
The kobold brigand attacks as you move away!
The kobold brigand hits you with a +0 short sword.
The kobold attacks as you move away! The kobold hits you but does no damage.
Your cerulean imp misses the kobold brigand.
Casting: Magic Dart (safe; 6% risk of failure)
Confirm with . or Enter, or press ? or * to list all spells.
You miscast Call Imp.
You are very lightly contaminated with residual magic.
Nothing appears to happen.
Your cerulean imp misses the kobold brigand.
The kobold hits you but does no damage.
The kobold brigand hits you with a +0 short sword.
Magic courses through your body.
Your cerulean imp hits the kobold brigand with a -3 spear.
The kobold hits you with a +0 club.
The kobold brigand hits you with a +0 short sword.
* * * LOW HITPOINT WARNING * * *
The kobold closely misses you.
Casting: Call Imp (safe; 11% risk of failure)
Confirm with . or Enter, or press ? or * to list all spells.
A tiny devil pulls itself out of the air.
Your cerulean imp says, "I'm here!"
Your cerulean imp disappears in a puff of smoke!
The kobold misses you. The kobold closely misses you.
The kobold brigand closely misses you.
Unknown command.
The kobold brigand attacks as you move away!
The kobold brigand hits you but does no damage.
The kobold closely misses you.
The kobold brigand throws a poisoned dart.
The poisoned dart hits you!
You are poisoned.
The kobold closely misses you.
Your cerulean imp closely misses the kobold brigand.
Unknown command.
It was a potion of brilliance.
You feel clever all of a sudden.
You feel sick. The kobold hits you with a +0 club.
* * * LOW HITPOINT WARNING * * *
The kobold hits you but does no damage.
Your cerulean imp hits the kobold brigand but does no damage.
Unknown command.
Unknown command.
Okay, then.
As you read the scroll labelled KEMMUH LAIX, it crumbles to dust.
The creatures around you are filled with an inner flame!
It was a scroll of immolation.
* * * LOW HITPOINT WARNING * * *
You feel sick. The kobold hits you but does no damage.
The kobold brigand completely misses you.
The kobold misses you.
Your cerulean imp misses the kobold brigand.
Unknown command.
Unknown command.
It was a potion of flight.
You feel very buoyant.
You fly up into the air.
You feel sick. The kobold hits you with a +0 club.
You die...

##### ##### #∩..## ####
##...######..#
###K@###....†.#####..
#..KK...........##...
#).5...........†.....
#....'....................
#.....#....................
#..#..#≈≈≈≈≈≈≈≈............
## ## #≈≈≈≈≈≈≈≈≈≈≈.........
#≈≈≈≈≈≈≈≈≈≈≈≈≈≈......
≈≈≈≈≈≈≈≈≈≈≈≈≈≈≈≈≈≈≈~≈


You could see a kobold brigand (inner flame, ally target), 2 kobolds and a
friendly cerulean imp (summoned, inner flame).

Vanquished Creatures
  3 adders
  A dart slug (D:1)
  4 bats
  3 endoplasms
  5 giant cockroaches
  5 goblins
  A hobgoblin (D:1)
  4 jackals (D:1)
  8 kobolds
  A quokka (D:1)
  5 ball pythons
  2 frilled lizards (D:1)
  5 rats
47 creatures vanquished.

Vanquished Creatures (collateral kills)
  An adder (D:3)
  A giant cockroach (D:3)
2 creatures vanquished.

Grand Total: 49 creatures vanquished

Notes
Turn   | Place    | Note
-------+----------+-------------------------------------------
     0 | D:1      | Flugkiller the Vampire Hedge Wizard began the quest for the
                  | Orb.
     0 | D:1      | Reached XP level 1. HP: 13/13 MP: 4/4
    35 | D:1      | Reached skill level 1 in Conjurations
   146 | D:1      | Reached XP level 2. HP: 19/19 MP: 0/6
   285 | D:1      | Learned a level 2 spell: Call Imp
   489 | D:1      | Gained mutation: You are afflicted with vampirism and can
                  | become a bat while bloodless. [Vampire growth]
   489 | D:1      | Reached XP level 3. HP: 25/25 MP: 3/7
   911 | D:2      | Reached skill level 1 in Fighting
  1279 | D:3      | Found a glowing drain.
  1338 | D:3      | Reached XP level 4. HP: 32/32 MP: 2/8
  1345 | Sewer    | Entered a sewer
  1394 | Sewer    | Noticed a kobold brigand
  1412 | Sewer    | Slain by a kobold

Illustrated notes

Levels and vault maps discovered:
D:1:      eino_arrival_water_cross, layout_loops_ring
D:2:      layout_rooms
D:3:      layout_loops_ring, gup_sewer_entry_glass, goddamned_bats
Sewer:    sewer_minmay_treatment

Skill      XL: |  1  2  3 |
---------------+----------+-----
Conjurations   | 1 2 |  2.3
Fighting       | 1 |  1.0
Summonings     | 2 |  2.0
Dodging        | |  2.1
Stealth        | |  3.0
Spellcasting   | |  3.3
Translocations | |  0.7

Action                     |  1- 3 |  4- 6 || total
---------------------------+-------+-------++-------
  Melee: Dagger            |    90 |     9 ||    99
         Bite              |    13 |     1 ||    14
         Punch             |     2 |       ||     2
   Cast: Magic Dart        |    75 |     6 ||    81
         Call Imp          |     2 |     2 ||     4
    Use: Scroll            |     5 |     1 ||     6
         Potion            |       |     3 ||     3
   Stab: Sleeping          |     1 |       ||     1
 Armour: Robe              |    36 |     9 ||    45
  Dodge: Dodged            |    90 |    14 ||   104
